 Dungeon Crawl Stone Soup version 0.30-a0-123-g91d0c66ccf (webtiles) character file.

Game seed: 9957919179669977917

33 Zonian the Grave Robber (level 3, -1/24 HPs)
             Began as a Demonspawn Necromancer on Sept 17, 2022.
             Slain by a white imp (3 damage)
             ... summoned by Natasha
             ... on level 2 of the Dungeon.
             The game lasted 00:02:06 (2688 turns).

Zonian the Grave Robber (Demonspawn Necromancer)    Turns: 2688, Time: 00:02:07

Health: -1/24      AC:  3    Str:  8    XL:     3   Next: 12%
Magic:  12/15      EV: 12    Int: 18    God:
Gold:   76         SH:  0    Dex: 13    Spells: 5/6 levels left

rFire   . . .      SeeInvis .    d - +0 short sword
rCold   . . .      Faith    .    (no shield)
rNeg    . . .      Spirit   .    a - +0 robe
rPois   .          Reflect  .    (no helmet)
rElec   .          Harm     .    (no cloak)
rCorr   .          Rampage  .    (no gloves)
Will    .....                    (no boots)
Stlth   ++........               (no amulet)
HPRegen 0.08/turn                h - ring of wizardry
MPRegen 0.14/turn                g - ring of magical power

@: slowed, very slow
A: spiny 1, sharp scales 1
a: no special abilities


You were on level 2 of the Dungeon.
You visited 1 branch of the dungeon, and saw 2 of its levels.

You collected 76 gold pieces.

Inventory:

Hand Weapons
 d - a +0 short sword (weapon)
 i - a +0 rapier
Missiles
 e - 8 poisoned darts
Armour
 a - a +0 robe (worn)
Jewellery
 g - a ring of magical power (right hand)
 h - a ring of wizardry (left hand)
Scrolls
 c - a scroll of identify {unknown}
 f - a scroll of immolation {unknown}
 j - 2 scrolls of teleportation {unknown}
 k - a scroll of magic mapping {unknown}
Potions
 b - 2 potions of magic
 l - a potion of degeneration {unknown}
 m - a potion of haste {unknown}
 n - 2 potions of curing


   Skills:
 + Level 2.2 Dodging
 + Level 2.2 Stealth
 + Level 2.4 Spellcasting
 + Level 4.7 Necromancy


You had 5 spell levels left.
You knew the following spells:

 Your Spells              Type           Power      Damage    Failure   Level
a - Necrotise             Necr           76%        1d7       1%          1

Your spell library contained the following spells:

 Spells                   Type           Power      Damage    Failure   Level
 Vampiric Draining        Necr           19%        2d7       3%          3
 Beastly Appendage        Tmut           4%         N/A       7%          1
 Static Discharge         Conj/Air       4%         2-3/arc   11%         2
 Wereblood                Tmut           2%         N/A       11%         2
 Animate Dead             Necr           19%        N/A       11%         4
 Dispel Undead            Necr           19%        3d11      11%         4
 Spider Form              Tmut/Pois      2%         N/A       21%         3
 Agony                    Necr           19%        N/A       26%         5
 Sticky Flame             Conj/Fire      2%         2d3       52%         4


Dungeon Overview and Level Annotations

Branches:
Dungeon (2/15)

Altars:

Annotations:
D:2 Natasha


Innate Abilities, Weirdness & Mutations

You are partially covered in sharp spines.
You are partially covered in razor-sharp scales. (AC +1, Slay +1)


Message History

There is a stone staircase leading up here.
Unknown command.
You see here a +0 dagger.
You open the door.
There is an open door here.
j - 2 scrolls labelled PAANISH RIEVURPH (gained 1)
n - 2 potions of curing (gained 1)
You now have 76 gold pieces (gained 5).
There is an open door here.
Natasha, Servant of Life and Death comes into view.
Natasha hisses angrily.
Natasha casts a spell.
There are monsters nearby!
Unknown command.
Natasha casts a spell at you.
You feel yourself slow down.
There is an open door here.
As you close the door, it creaks loudly!
Unknown command.
You start waiting.
Something unseen opens the door.
Natasha is nearby!
Unknown command.
Natasha closely misses you.
There is an open door here.
Natasha writhes in agony.
The white imp barely misses you. Natasha is struck by your spines.
Natasha barely misses you. The white imp hits you. The white imp freezes you.
Natasha barely resists.
Natasha claws you. The white imp is struck by your spines.
The white imp hits you but does no damage.
Natasha is struck by your spines. Natasha closely misses you.
Unknown command.
Natasha writhes in agony.
The ball python hisses angrily.
The white imp gestures at you. The puff of frost hits you!
Ouch! That really hurt!
* * * LOW HITPOINT WARNING * * *
Natasha barely misses you. The white imp hits you.
You die...

#.................######
.............)>)...# #
###..######......<..# #
#.# ####.........# . ##.
##............# #.
#..###..##S..).....# ..
##........#.........#
...
#.......5h..........#
......######@...###....#
..... #.....#...# #....#
.... #.....#...###....#
..h
#.....#..........#... #.
#.....#...........# #
#.....#....##.....#
#######....###..###
#...#.# #...# #..#.#.#
#.#.#


You could see Natasha, a white imp (summoned) and a ball python.

Vanquished Creatures
  An adder (D:2)
  A dart slug (D:1)
  2 endoplasms
  2 goblins
  A hobgoblin (D:1)
  4 kobolds
  A quokka (D:2)
  3 bats (D:1)
  2 frilled lizards (D:1)
  2 rats
19 creatures vanquished.

Vanquished Creatures (collateral kills)
  A dart slug (D:2)
  A frilled lizard (D:1)
2 creatures vanquished.

Grand Total: 21 creatures vanquished

Notes
Turn   | Place    | Note
-------+----------+-------------------------------------------
     0 | D:1      | Zonian the Demonspawn Necromancer began the quest for the
                  | Orb.
     0 | D:1      | Reached XP level 1. HP: 13/13 MP: 3/3
   610 | D:1      | Gained mutation: You are partially covered in razor-sharp
                  | scales. (AC +1, Slay +1) [demonic ancestry]
   610 | D:1      | Reached XP level 2. HP: 19/19 MP: 3/5
  2241 | D:2      | Gained mutation: You are partially covered in sharp spines.
                  | [demonic ancestry]
  2241 | D:2      | Reached XP level 3. HP: 9/24 MP: 6/6
  2676 | D:2      | Noticed Natasha
  2688 | D:2      | Slain by a white imp

Illustrated notes

Levels and vault maps discovered:
D:1:      wander_arrival_peaceful_grave, layout_loops_corners,
          kennysheep_small_spiral, minmay_pentomino_x2
D:2:      layout_rooms, serial_curves, eino_curves_02, eino_curves_01,
          dreamdust_ecumenical_altar_angels_and_demons, minmay_3d_cube,
          uniq_natasha

Skill      XL: |  1 |
---------------+----+-----
Dodging        | 2 |  2.2
Stealth        | 2 |  2.2
Spellcasting   | |  2.4
Necromancy     | |  4.7

Action                   || total
-------------------------++-------
Melee: Short sword       ||    18
 Cast: Necrotise         ||    30
  Use: Potion            ||     1
Armor: Robe              ||     2
Dodge: Dodged            ||    28

Table legend: (Time is in decaauts)
 A = Elapsed time spent in this place.
 B = Non-inter-level travel time spent in this place.
 C = Inter-level travel time spent in this place.
 D = Time resting spent in this place.
 E = Time spent auto-exploring this place.
 F = Levels seen in this place.
 G = Mean time per level.
                   A        B        C        D        E       F      G
               +--------+--------+--------+--------+--------+-----+--------+
         Total |   2691 |   2581 |    110 |   1196 |   1152 |   2 | 1345.5 |
       Dungeon |   2691 |   2581 |    110 |   1196 |   1152 |   2 | 1345.5 |
               +--------+--------+--------+--------+--------+-----+--------+

Top non-repeatable levels by time:
     D:1: 2478 daAuts
     D:2: 212 daAuts
